 Dungeon Crawl Stone Soup version 0.21.1-1-g345015f (webtiles) character file.

177281 equalderp2856 the Severer (level 17, -21/156 HPs)
             Began as a Minotaur Fighter on Apr 29, 2018.
             Demolished by a large abomination (24 damage)
             ... on level 4 of the Abyss on May 1, 2018.
             The game lasted 01:31:56 (42268 turns).

equalderp2856 the Severer (Minotaur Fighter)       Turns: 42268, Time: 01:31:57

Health: -21/156    AC: 29    Str: 23    XL:     17   Next: 53%
Magic:  0/23       EV:  8    Int: 13    God:
Gold:   584        SH: 23    Dex: 12    Spells: 23/26 levels left

rFire    + . .     SeeInvis .   c - +5 broad axe (elec)
rCold    + + .     Gourm    .   U - +2 large shield {reflect}
rNeg     . . .     Faith    .   H - +1 plate armour {rC+}
rPois    +         Spirit   +   (helmet restricted)
rElec    +         Reflect  +   M - +2 cloak {rPois}
rCorr    +         Harm     .   R - +2 pair of gloves
MR       +....                  k - +2 pair of boots
Stlth    ..........             t - amulet of guardian spirit
HPRegen  0.36/turn              I - +5 ring of intelligence
MPRegen  0.18/turn              x - ring of flight

@: resistant
A: retaliatory headbutt, horns 2
a: Evoke Flight


You were on level 4 of the Abyss.
You were hungry.

You visited 3 branches of the dungeon, and saw 24 of its levels.
You visited the Abyss 1 time.
You also visited: Ice Cave.

You collected 1982 gold pieces.
You spent 1398 gold pieces at shops.

Inventory:

Hand Weapons
 a - a +0 war axe
 c - a +5 broad axe of electrocution (weapon)
 D - a +2 trident of piercing
Armour
 k - a +2 pair of boots (worn)
 H - a +1 plate armour of cold resistance (worn)
 M - a +2 cloak of poison resistance (worn)
 R - a +2 pair of gloves (worn)
 U - a +2 large shield of reflection (worn)
Jewellery
 p - an uncursed ring of protection from cold
 t - an amulet of guardian spirit (around neck)
 x - a ring of flight (right hand)
 y - a +4 ring of protection {unknown}
 I - a +5 ring of intelligence (left hand)
 L - an uncursed amulet of faith {unknown}
Wands
 g - a wand of flame (26)
 B - a wand of paralysis (38)
 F - a wand of digging (16)
 J - a wand of iceblast (7)
 N - a wand of enslavement (15)
 O - a wand of random effects (19)
 P - a wand of disintegration (25)
 S - a wand of polymorph (15)
Scrolls
 e - 12 scrolls of remove curse
 i - 3 scrolls of immolation
 l - 10 scrolls of teleportation
 m - 4 scrolls of magic mapping
 u - 6 scrolls of identify
 E - 2 scrolls of enchant armour
 W - 2 scrolls of acquirement
Potions
 d - 3 potions of might
 j - 3 potions of curing
 n - 2 potions of haste
 o - 6 potions of mutation
 r - 2 potions of ambrosia {unknown}
 s - a potion of resistance
 v - 2 potions of brilliance {unknown}
 w - 4 potions of flight {unknown}
 C - 6 potions of lignification
 K - 2 potions of invisibility
 Z - a potion of agility
Books
 b - a book of Necromancy

   Spells                             Type                      Level
   a - Pain                           Necromancy                   1
   b - Animate Skeleton               Necromancy                   1
   c - Vampiric Draining              Necromancy                   3
   d - Regeneration                   Charms/Necromancy            3
   e - Animate Dead                   Necromancy                   4
   f - Borgnjor's Vile Clutch         Necromancy/Earth             5
 G - a book of Minor Magic

   Spells                             Type                      Level
   a - Magic Dart                     Conjuration                  1
   b - Blink                          Translocation                2
   c - Call Imp                       Summoning                    2
   d - Slow                           Hexes                        2
   e - Conjure Flame                  Conjuration/Fire             3
   f - Mephitic Cloud                 Conjuration/Poison/Air       3
 Q - a book of Enchantments

   Spells                             Type                      Level
   a - Cause Fear                     Hexes                        4
   b - Yara's Violent Unravelling     Hexes/Transmutation          5
   c - Silence                        Hexes/Air                    5
   d - Deflect Missiles               Charms/Air                   6
   e - Discord                        Hexes                        8
 T - a book of Maledictions

   Spells                             Type                      Level
   a - Corona                         Hexes                        1
   b - Ensorcelled Hibernation        Hexes/Ice                    2
   c - Confuse                        Hexes                        3
   d - Tukima's Dance                 Hexes                        3
   e - Dazzling Spray                 Conjuration/Hexes            3
 X - a book of Air

   Spells                             Type                      Level
   a - Shock                          Conjuration/Air              1
   b - Swiftness                      Charms/Air                   2
   c - Static Discharge               Conjuration/Air              3
   d - Airstrike                      Air                          4
   e - Lightning Bolt                 Conjuration/Air              5
Miscellaneous
 V - a phial of floods
Comestibles
 f - 36 rations


   Skills:
 + Level 15.3 Fighting
 + Level 18.1(18.3) Axes
 + Level 5.2(13.1) Polearms
 + Level 15.6 Armour
 + Level 4.5 Dodging
 + Level 4.0 Stealth
 + Level 17.1 Shields
 * Level 5.1 Spellcasting
 * Level 5.0 Translocations
 + Level 2.0 Evocations


You had 23 spell levels left.
You knew the following spells:

 Your Spells              Type           Power        Failure   Level  Hunger
a - Magic Dart            Conj           #...         99%         1    None
b - Blink                 Tloc           N/A          61%         2    ##.....


Dungeon Overview and Level Annotations

Branches:
Dungeon (14/15)            Temple (0/1) D:4            Lair (6/6) D:11
  Swamp (0/4) Lair:2        Snake (4/4) Lair:3        Slime (0/5) Lair:6
    Orc (0/2) D:9
 Vaults: D:13-14

Altars:
Ashenzari
Cheibriados
Fedhas
Makhleb
Sif Muna
Trog
Vehumet
Xom
Jiyva

Shops:
D:6 (   D:11 :   Snake:1 ![   Snake:3 *

Portals:
Trove: D:13 (give 13 scrolls of teleportation)

Annotations:
Lair:6 salinator123's ghost, journeyman DrBe
Snake:4 Louise; Vashnia


Innate Abilities, Weirdness & Mutations

You reflexively headbutt those who attack you in melee.
You have a pair of horns on your head.


Message History

You hit the large abomination but do no damage.
You slash the hungry ghost!
You block the large abomination's attack.
A chorus of shrieks assaults your mind.
* * * LOW HITPOINT WARNING * * *
The vampire gestures wildly while chanting.
The vampire flickers and vanishes!
Deactivating autopickup; reactivate with Ctrl-A.
You block the hungry ghost's attack.
You block the large abomination's attack.
A raiju comes into view.
You feel better.
The raiju barks!
The large abomination hits you!
* * * LOW HITPOINT WARNING * * *
A chorus of shrieks assaults your mind.
* * * LOW HITPOINT WARNING * * *
You block the hungry ghost's attack. You block the elf simulacrum's attack.
The large abomination hits you!!
You die...

>...... ..## # ### .
# # #.... #....## .#
## # ##...###..#.## #
### . #. #
....#.WW#..z{nZ.## #
#
..(....W{h####X#.##.#
. ........nV# ...V. .
.## .......XhX#....
.. .. .$ .....#XWX#.
.. ..#...#. . #. #
#Z@####.h ###...#.#
#.... #NX.#
#...h.#....#
.......(..#. ... ..§
. ..........#... ..X
. . .h........
....§.$. ## #
....#...#.#... ...#..
...###..# # . . ..# #
.>. .... #.. .h#...#
.. . .


You could see 3 starcursed masses, a salamander, a vampire mage, 2 large
abominations, a phantasmal warrior, 2 hungry ghosts, 3 raiju, a necrophage, a
shadow and an elf simulacrum.

Vanquished Creatures
  Asterion (Snake:4)
  Kirke (Snake:4)
  A nagaraja (Snake:3)
  The ghost of azzavlup the Fencer, a journeyman TeBe of Trog (Lair:5)
  The ghost of equalderp2856 the Cleaver, a journeyman MiFi (D:13)
  A quicksilver dragon zombie (Abyss:4)
  A great orb of eyes (Abyss:3)
  Erolcha (D:12)
  A rakshasa (Abyss:3)
  15 naga warriors
  A catoblepas (Lair:5)
  3 centaur warriors
  6 hydras
  10 anacondas
  10 two-headed ogres
  6 naga sharpshooters
  A death yak (D:13)
  6 shock serpents
  A deep elf knight (D:12)
  Nergalle (Lair:4)
  4 salamander mystics
  2 unseen horrors
  5 naga ritualists
  8 mana vipers
  An orc knight (D:12)
  A wolf spider zombie (D:13)
  5 cyclopes
  3 ugly things
  A deep elf mage (D:12)
  11 elephants
  A centaur zombie (D:12)
  12 salamanders
  Joseph (D:6)
  A worldbinder (Abyss:4)
  Maurice (D:10)
  5 manticores
  30 black mambas
  13 naga magi
  23 spiny frogs
  6 guardian serpents
  2 ice statues (IceCv)
  2 gargoyles
  6 komodo dragons
  3 rime drakes
  7 ice devils (IceCv)
  An ancient zyme (Abyss:3)
  4 polar bears
  The ghost of equalderp2856 the Chopper, an amateur MiFi (D:7)
  A queen bee (D:11)
  A jumping spider (shapeshifter) (D:14)
  A wolf spider simulacrum (D:13)
  2 trolls
  8 tyrant leeches
  2 hornets
  21 blink frogs
  A raiju (Abyss:4)
  7 slime creatures
  7 dream sheep (Lair:5)
  A centaur simulacrum (D:12)
  9 hippogriffs
  A water elemental (D:13)
  4 wyverns (Lair:4)
  35 yaks
  Grum (D:8)
  A steam dragon (D:8)
  3 hungry ghosts
  2 basilisks (D:12)
  A chaos spawn (Abyss:3)
  A swamp worm (Lair:2)
  46 nagas
  7 vampire mosquitoes
  An acid dragon (D:14)
  9 water moccasins
  2 hell hounds (D:11)
  4 porcupines
  5 ice beasts
  9 orc warriors
  10 sky beasts
  A necrophage (D:10)
  9 starcursed masses
  6 ogres
  2 phantoms
  4 eyes of draining
  17 centaurs
  8 wolves
  4 big kobolds
  9 crocodiles
  A small abomination (Abyss:3)
  The ghost of abcde the Ducker, an amateur SpMo (D:3)
  25 bullfrogs
  A wyvern zombie (D:13)
  A wyvern skeleton (D:13)
  A scorpion (D:11)
  8 wights
  24 killer bees
  2 howler monkeys
  5 electric eels
  6 crimson imps
  A quasit (D:8)
  3 bullfrog zombies
  12 orc priests
  Crazy Yiuf (D:2)
  23 orc wizards
  11 hounds
  2 jellies
  6 bullfrog skeletons
  6 iguanas
  10 worker ants
  A hound skeleton (D:11)
  4 gnolls (D:2)
  12 adders
  3 shadow imps
  23 white imps
  7 ufetubi
  2 oozes (D:1)
  2 adder skeletons
  2 adder zombies
  2 worms
  2 dart slugs (D:1)
  4 leopard geckos
  78 orcs
  5 giant cockroaches
  4 goblins
  9 hobgoblins
  10 jackals
  6 quokkas
  A ball python (D:2)
  5 bats
  6 frilled lizards
  A jackal zombie (D:8)
  22 kobolds
  A leopard gecko skeleton (D:5)
  2 quokka skeletons
  11 rats
  2 fungi
  A plant (Lair:6)
870 creatures vanquished.

Vanquished Creatures (others)
  A reaper (IceCv)
  2 naga sharpshooters (Snake:4)
  A shadow wraith (D:12)
  A human (Snake:4)
  A naga (Snake:4)
  A water moccasin zombie (D:9)
  4 white imps (IceCv)
  4 ufetubi (IceCv)
  6 fungi
  48 plants
69 creatures vanquished.

Grand Total: 939 creatures vanquished

Notes
Turn   | Place    | Note
-------+----------+-------------------------------------------
     0 | D:1      | equalderp2856 the Minotaur Fighter began the quest for the Orb.
     0 | D:1      | Reached XP level 1. HP: 19/19 MP: 0/0
   223 | D:1      | Reached XP level 2. HP: 27/27 MP: 1/1
   409 | D:1      | Reached XP level 3. HP: 33/33 MP: 2/2
   670 | D:1      | You fall through a shaft!
   772 | D:2      | Found a blossoming altar of Fedhas.
   876 | D:2      | Reached skill level 3 in Axes
   939 | D:2      | Found a shimmering altar of Xom.
  1035 | D:2      | Reached XP level 4. HP: 31/40 MP: 3/3
  1440 | D:2      | Found a deep blue altar of Sif Muna.
  1471 | D:2      | Found a runed door.
  1680 | D:2      | Noticed Crazy Yiuf
  1685 | D:2      | Killed Crazy Yiuf
  1685 | D:2      | Reached skill level 4 in Axes
  1685 | D:2      | Reached XP level 5. HP: 46/46 MP: 4/4
  2043 | D:3      | Reached skill level 5 in Armour
  2137 | D:3      | Reached skill level 5 in Shields
  2139 | D:3      | Reached skill level 5 in Axes
  2222 | D:3      | Noticed abcde's ghost (amateur SpMo)
  2235 | D:3      | Killed abcde's ghost
  2235 | D:3      | Reached skill level 1 in Dodging
  2235 | D:3      | Reached XP level 6. HP: 45/52 MP: 5/5
  2638 | D:4      | Found a staircase to the Ecumenical Temple.
  2924 | D:4      | Reached skill level 6 in Axes
  3315 | D:5      | Entered Level 5 of the Dungeon
  3359 | D:5      | Reached XP level 7. HP: 60/60 MP: 6/6
  3627 | D:5      | Reached skill level 7 in Axes
  4562 | D:6      | Reached XP level 8. HP: 38/67 MP: 7/7
  4586 | D:6      | Reached skill level 8 in Axes
  4662 | D:6      | Found Jeajicw's Weapon Emporium.
  4735 | D:6      | Noticed a two-headed ogre
  4742 | D:6      | Killed a two-headed ogre
  4742 | D:6      | Reached skill level 5 in Fighting
  4742 | D:6      | Reached skill level 9 in Axes
  4742 | D:6      | Reached skill level 1 in Stealth
  5437 | D:7      | Reached XP level 9. HP: 63/74 MP: 8/8
  5469 | D:7      | Learned a level 1 spell: Magic Dart
  5472 | D:7      | Learned a level 2 spell: Blink
  5496 | D:7      | Noticed equalderp2856's ghost (amateur MiFi)
  5533 | D:7      | Killed equalderp2856's ghost
  5533 | D:7      | Reached skill level 10 in Axes
  5533 | D:7      | Reached skill level 1 in Polearms
  5943 | D:7      | Noticed Joseph
  6053 | D:6      | Killed Joseph
  6716 | D:7      | Reached skill level 11 in Axes
  7068 | D:7      | Found a snail-covered altar of Cheibriados.
  7256 | D:7      | Found a burning altar of Makhleb.
  7580 | D:8      | Reached XP level 10. HP: 52/84 MP: 9/9
  7740 | D:8      | Found a radiant altar of Vehumet.
  7992 | D:8      | Noticed a two-headed ogre
  8009 | D:8      | Killed a two-headed ogre
  8009 | D:8      | Reached skill level 1 in Evocations
  8128 | D:8      | Noticed Grum
  8162 | D:8      | Killed Grum
  8513 | D:8      | Noticed a gargoyle
  8529 | D:8      | Killed a gargoyle
  8529 | D:8      | Reached skill level 12 in Axes
  8988 | D:9      | Found a staircase to the Orcish Mines.
  9940 | D:10     | Entered Level 10 of the Dungeon
  9996 | D:10     | Noticed a two-headed ogre
 10007 | D:10     | Killed a two-headed ogre
 10007 | D:10     | Reached XP level 11. HP: 73/94 MP: 10/10
 10134 | D:10     | Found a shattered altar of Ashenzari.
 10220 | D:10     | Reached skill level 13 in Axes
 10241 | D:10     | Noticed Maurice
 10263 | D:10     | Paralysed by something for 7 turns
 10277 | D:10     | Paralysed by something for 4 turns
 10287 | D:10     | Paralysed by something for 5 turns
 10320 | D:10     | Killed Maurice
 11266 | D:10     | Noticed a white ugly thing
 11300 | D:10     | Killed a white ugly thing
 12321 | D:11     | Reached skill level 14 in Axes
 12321 | D:11     | Reached skill level 10 in Armour
 12554 | D:11     | Found Tibb's Book Boutique.
 12632 | D:11     | Reached skill level 10 in Shields
 12911 | D:11     | Found a staircase to the Lair.
 14006 | Lair:1   | Entered Level 1 of the Lair of Beasts
 14032 | Lair:1   | Reached XP level 12. HP: 100/106 MP: 11/11
 15096 | Lair:2   | Reached skill level 10 in Fighting
 15542 | Lair:2   | Noticed a four-headed hydra
 15551 | Lair:2   | Killed a five-headed hydra
 15735 | Lair:2   | Noticed a four-headed hydra
 15747 | Lair:2   | Killed a four-headed hydra
 16456 | Lair:2   | Found a staircase to the Swamp.
 16732 | Lair:3   | Reached skill level 15 in Axes
 16991 | Lair:3   | Found a staircase to the Snake Pit.
 17739 | Lair:3   | You fall through a shaft for 3 floors!
 17739 | Lair:6   | Entered Level 6 of the Lair of Beasts
 17739 | Lair:6   | Noticed a six-headed hydra
 17743 | Lair:6   | Noticed a seven-headed hydra
 17785 | Lair:4   | Killed a seven-headed hydra
 18180 | Lair:4   | Reached XP level 13. HP: 97/115 MP: 12/12
 18268 | Lair:4   | Noticed Nergalle
 18315 | Lair:4   | Killed Nergalle
 18950 | Lair:5   | Noticed azzavlup's ghost (journeyman TeBe)
 18986 | Lair:5   | Killed azzavlup's ghost
 19937 | Lair:6   | Noticed salinator123's ghost (journeyman DrBe)
 20200 | Lair:6   | Reached skill level 16 in Axes
 22144 | D:12     | Found a radiant altar of Vehumet.
 22303 | D:12     | Noticed Erolcha
 22431 | D:13     | Noticed equalderp2856's ghost (journeyman MiFi)
 22476 | D:13     | Killed equalderp2856's ghost
 22608 | D:13     | Found a frozen archway.
 22647 | IceCv    | Entered an ice cave
 22808 | IceCv    | Reached XP level 14. HP: 126/126 MP: 13/13
 22946 | IceCv    | Killed a reaper
 23329 | IceCv    | Got a slimy demon whip
 24698 | D:12     | Killed Erolcha
 24912 | D:13     | Found a portal to a secret trove of treasure.
 26863 | D:12     | Got a crude iron ring
 26915 | D:12     | Identified the ring "Gulutap" {*Tele Str+4 Int+4} (You took it off a crimson imp on level 12 of the Dungeon)
 27372 | D:12     | Reached skill level 17 in Axes
 27442 | D:12     | Reached skill level 5 in Polearms
 27455 | D:12     | Reached skill level 15 in Shields
 28580 | Lair:6   | Found a staircase to the Slime Pits.
 28581 | Lair:6   | Found a viscous altar of Jiyva.
 28726 | Lair:6   | Reached XP level 15. HP: 98/137 MP: 15/15
 30175 | Snake:1  | Entered Level 1 of the Snake Pit
 30960 | Snake:1  | Found Acox's Antique Armour Shoppe.
 30960 | Snake:1  | Found Egoiso Vota's Distillery.
 30991 | Snake:1  | Reached skill level 1 in Spellcasting
 31039 | Snake:1  | Bought a potion of experience for 900 gold pieces
 31039 | Snake:1  | Reached XP level 16. HP: 134/146 MP: 15/19
 31127 | Snake:1  | Bought a runed scarf for 288 gold pieces
 31378 | Snake:1  | Found a bloodstained altar of Trog.
 35696 | Snake:3  | Reached skill level 15 in Armour
 36495 | Snake:3  | Found Ysialuw's Assorted Antiques.
 36515 | Snake:3  | Bought a scroll labeled XOURCH IMODU for 21 gold pieces
 36515 | Snake:3  | Identified 2 scrolls of acquirement
 36521 | Snake:3  | Bought a small zirconium amulet for 105 gold pieces
 36521 | Snake:3  | Bought a shiny bone wand for 84 gold pieces
 38158 | Snake:3  | Reached XP level 17. HP: 133/154 MP: 17/22
 39069 | Snake:4  | Entered Level 4 of the Snake Pit
 39079 | Snake:4  | Noticed Asterion
 39654 | Snake:4  | Reached skill level 15 in Fighting
 41185 | Snake:4  | Killed Asterion
 41312 | Snake:4  | Noticed Vashnia
 41323 | Snake:4  | Reached skill level 5 in Spellcasting
 41636 | Snake:4  | Reached skill level 18 in Axes
 41826 | Snake:4  | Noticed Kirke
 41832 | Snake:4  | Killed Kirke
 41832 | Snake:4  | Reached skill level 5 in Translocations
 41881 | Snake:4  | Noticed Louise
 41903 | Snake:4  | Cast into level 3 of the Abyss (Louise)
 41973 | Abyss:3  | Found a corrupted altar of Lugonu.
 42089 | Abyss:3  | Found a hide-covered altar of Uskayaw.
 42268 | Abyss:4  | HP: 3/156 [starcursed mass/accursed screaming (11)]
 42268 | Abyss:4  | Demolished by a large abomination

Skill      XL: |  1  2  3  4  5  6  7  8  9 10 11 12 13 14 15 16 17 |
---------------+----------------------------------------------------+-----
Armour         | 4 5 6 8 9 10 11 13 14 15 | 15.6
Shields        | 4 5 6 7 8 9 10 12 13 15 16 17 | 17.1
Axes           | 3 4 5 6 7 9 11 12 14 15 16 17 18 | 18.1
Fighting       | 4 5 6 7 9 10 12 13 14 15 | 15.3
Dodging        | 1 2 3 4 |  4.5
Stealth        | 2 3 4 |  4.0
Polearms       | 1 3 4 5 |  5.2
Evocations     | 1 2 |  2.0
Spellcasting   | 2 4 5 |  5.1
Translocations | 2 4 5 |  5.0

Action                   |  1- 3 |  4- 6 |  7- 9 | 10-12 | 13-15 | 16-18 || total
-------------------------+-------+-------+-------+-------+-------+-------++-------
Melee: War axe           |    67 |   139 |   287 |  1050 |  1525 |   914 ||  3982
       Headbutt          |    13 |    19 |    58 |   226 |   395 |   246 ||   957
       Trident           |       |       |     3 |    34 |    60 |       ||    97
       Broad axe         |       |       |       |       |       |   125 ||   125
Evoke: Wand              |       |       |     2 |     8 |     6 |     8 ||    24
       Phial of floods   |       |       |       |       |       |     1 ||     1
  Use: Potion            |       |       |     1 |     1 |     7 |    14 ||    23
       Scroll            |       |       |       |    12 |    10 |    12 ||    34
 Stab: Paralysed         |       |       |     4 |    12 |       |     1 ||    17
       Distracted        |       |       |       |       |     1 |       ||     1
  Eat: Chunk             |       |     4 |    15 |    13 |    15 |    10 ||    57
       Ration            |       |     1 |     1 |     7 |     7 |     8 ||    24
Armor: Scale mail        |    24 |    48 |    69 |       |       |       ||   141
       Plate armour      |       |       |    43 |   498 |   727 |   436 ||  1704
Dodge: Dodged            |    24 |    55 |    55 |   259 |   362 |   211 ||   966
Block: Shield            |    45 |    88 |   126 |   649 |   903 |   482 ||  2293
       Large shield      |       |       |       |       |       |   407 ||   407
       Reflection        |       |       |       |       |       |    57 ||    57
